 Dungeon Crawl Stone Soup version 0.31-a0-145-g046c7d2549 (console) character file.

Game seed: 16987491062463846726

14457 Ignak the Fighter (level 12, -18/127 HPs)
             Began as an Ogre Hedge Wizard on June 6, 2023.
             Was an Initiate of Okawaru.
             Killed from afar by a hellephant (59 damage)
             ... with a blast of flame
             ... on level 1 of the Abyss.
             The game lasted 00:44:00 (13021 turns).

Ignak the Fighter (Ogre Hedge Wizard)              Turns: 13021, Time: 00:44:01

Health: -18/127    AC: 10    Str: 17 (19) XL:     12   Next: 16%
Magic:  23/25      EV: 11    Int: 17      God:    Okawaru [......]
Gold:   354        SH:  0    Dex:  8      Spells: 17/30 levels left

rFire   . . .        p - +2 morningstar (flame)
rCold   . . .        (no shield)
rNeg    . . .        t - +0 steam dragon scales
rPois   +            c - melded +1 hat
rElec   .            (no cloak)
rCorr   .            (gloves unavailable)
SInv    .            (boots unavailable)
Will    +....        u - amulet of regeneration
Stlth   +            A - ring of poison resistance
HPRegen 1.21/turn    k - +4 ring of protection
MPRegen 0.19/turn

%: no passive effects
@: appendages (expiring), on blink cooldown, hasted, very quick
A: horns 2, talons 2, large, unfitting armour, tough skin 1, noise suppression
a: End Transformation, Renounce Religion


You were on level 1 of the Abyss.
You worshipped Okawaru.
Okawaru was noncommittal.
You had temporarily grown beastly horns and talons.
You visited 3 branches of the dungeon, and saw 13 of its levels.
You visited the Abyss 1 time.

You collected 774 gold pieces.
You spent 420 gold pieces at shops.

Inventory:

Hand Weapons
 p - a +2 morningstar of flaming (weapon)
 w - a +5 battleaxe
Missiles
 e - 2 throwing nets
 f - 40 poisoned darts (quivered)
Armour
 c - a +1 hat (melded)
 l - a +0 kite shield
 t - +0 steam dragon scales (worn)
 L - a +1 robe of cold resistance
Magical Staves
 r - a staff of cold
Jewellery
 g - a ring of positive energy
 i - a +6 ring of strength
 k - a +4 ring of protection (right hand)
 m - a ring of magical power
 u - an amulet of regeneration (around neck)
 z - an amulet of faith
 A - a ring of poison resistance (left hand)
 G - a ring of ice
 H - a +4 ring of protection
Wands
 q - a wand of polymorph (16)
 F - a wand of flame (10)
 J - a wand of roots (8)
Scrolls
 a - a scroll of teleportation
 b - a scroll of silence
 h - 2 scrolls of poison
 n - 2 scrolls of blinking
 o - a scroll of vulnerability
 v - a scroll of enchant armour
 y - a scroll of magic mapping
 K - a scroll of amnesia
Potions
 d - a potion of magic
 j - 3 potions of haste
 s - 2 potions of ambrosia {unknown}
 x - a potion of lignification
 B - a potion of mutation
 C - a potion of enlightenment
 D - a potion of brilliance
 E - a potion of berserk rage
 I - a potion of heal wounds {unknown}


   Skills:
 + Level 10.4 Fighting
 * Level 8.7 Maces & Flails
 * Level 3.3 Armour
 + Level 7.6 Dodging
 - Level 1.5 Stealth
 * Level 2.7 Shields
 - Level 1.0 Unarmed Combat
 + Level 9.6 Spellcasting
 - Level 3.0 Conjurations
 - Level 1.1 Summonings
 * Level 3.0 Translocations
 - Level 4.0 Transmutations
 - Level 2.0 Air Magic
 - Level 2.0 Poison Magic
 + Level 2.6 Invocations


You had 17 spell levels left.
You knew the following spells:

 Your Spells              Type           Power      Damage    Failure   Level
a - Magic Dart            Conj           72%        1d6       2%          1
b - Blink                 Tloc           36%        N/A       3%          2
d - Mephitic Cloud        Conj/Pois/Air  16%        N/A       10%         3
g - Passage of Golubria   Tloc           18%        N/A       26%         4
x - Wereblood             Tmut           21%        N/A       2%          2
z - Beastly Appendage     Tmut           42%        N/A       1%          1

Your spell library contained the following spells:

 Spells                   Type           Power      Damage    Failure   Level
 Cigotuvi's Dreadful Rot  Necr/Pois/Air  24%        N/A       8%          2
 Spider Form              Tmut/Pois      18%        N/A       8%          3
 Slow                     Hex            32%        N/A       9%          1
 Yara's Violent Unravell  Hex/Tmut       7%         3d5       71%         5
 Orb of Destruction       Conj           9%         9d6       100%        7
 Call Imp                 Summ           Unusable   N/A       N/A         2
 Summon Guardian Golem    Hex/Summ       Unusable   N/A       N/A         3
 Tukima's Dance           Hex            Unusable   N/A       N/A         3
 Spellforged Servitor     Conj/Summ      Unusable   N/A       N/A         7

Dungeon Overview and Level Annotations

Branches:
Dungeon (11/15)            Temple (1/1) D:7            Lair (0/5) D:8
    Orc (1/2) D:10

Altars:
Ashenzari
Cheibriados
Dithmenos
Elyvilon
Fedhas
Gozag
Hepliaklqana
Kikubaaqudgha
Makhleb
Nemelex Xobeh
Okawaru
Qazlal
Ru
Sif Muna
Trog
Uskayaw
Vehumet
Wu Jian
Xom
Yredelemnul
Zin
The Shining One
Lugonu

Shops:
D:1 =   D:3 =   D:10 ([


Innate Abilities, Weirdness & Mutations

You have temporarily grown beastly horns and talons.
You are too large for most types of armour.
You have tough skin. (AC +1)
You passively dampen the noise of your surroundings.


Message History

Your +1 hat melds into your body.
You puncture the large abomination! You burn the large abomination.
You claw the large abomination, but do no damage.
The large abomination is moderately damaged.
The large abomination closely misses you.
You barely miss the large abomination. You claw the large abomination.
The large abomination is heavily damaged.
The large abomination hits you!!
You bludgeon the large abomination!! You burn the large abomination!
You headbutt the large abomination, but do no damage.
The large abomination is almost destroyed.
The large abomination hits you!
You barely miss the large abomination. You claw the large abomination.
You headbutt the large abomination, but do no damage.
The large abomination is almost destroyed.
The large abomination hits you.
You hit the large abomination but do no damage.
Your headbutt misses the large abomination.
The large abomination is almost destroyed.
The large abomination hits you!
You barely miss the large abomination. You claw the large abomination.
You destroy the large abomination!
Okawaru accepts your kill.
A smoke demon comes into view.
The smoke demon roars!
Your transformation is almost over.
A hellephant comes into view.
The hellephant trumpets!
The hellephant breathes flames at you. The blast of flame hits you!!!
* * * LOW HITPOINT WARNING * * *
Okay, then.
Casting: Beastly Appendage (safe; 1% risk of failure)
Confirm with . or Enter, or press ? or * to list all spells.
You blink.
You feel yourself speed up.
A starcursed mass comes into view.
The hellephant breathes flames at you. The blast of flame hits you!!!
You die...

.#. #..##
.#...X# ##
#....#.## .. .
..#.....##
.#...
.....#...#...#
##.#.....@.# #
#..........# #.
#........#....#
..
.##Y.#....####
#.#..##....#.
..#.#.......
##..#...###.
#.....## .#
#.......##ยง##


You could see a hellephant (catching breath) and a starcursed mass.

Vanquished Creatures
  Fannar (D:11)
  A centaur warrior (D:8)
  Pikel (D:8)
  An elephant (D:8)
  Maggie (D:5)
  4 kobold demonologists (D:10)
  2 trolls
  2 shadows
  4 wyverns
  A large abomination (Abyss:1)
  2 vampires
  A wraith (D:9)
  17 yaks
  A basilisk (D:8)
  11 vampire mosquitoes
  4 steam dragons
  An acid dragon (D:9)
  2 water moccasins (D:6)
  5 orc warriors
  2 sky beasts
  3 ogres
  3 black bears
  3 centaurs
  4 kobold brigands
  2 bullfrogs
  3 gnoll sergeants
  2 scorpions
  9 wights (D:7)
  9 killer bees
  6 howler monkeys
  5 orc priests
  3 gnoll boudas
  4 hounds
  A sleepcap (D:4)
  4 iguanas
  10 orc wizards
  25 gnolls
  6 adders
  3 shadow imps
  3 white imps
  3 ufetubi
  A worm (D:2)
  3 dart slugs
  39 orcs
  6 ball pythons
  2 bats
  5 endoplasms
  4 giant cockroaches
  8 hobgoblins
  5 jackals
  22 kobolds
  5 quokkas
  A frilled lizard (D:1)
  8 goblins
  2 rats (D:1)
286 creatures vanquished.

Vanquished Creatures (collateral kills)
  2 adders
  A hobgoblin (D:1)
  A quokka (D:2)
  A ball python (D:1)
  A frilled lizard (D:1)
6 creatures vanquished.

Vanquished Creatures (others)
  An orc wizard (D:8)
1 creature vanquished.

Grand Total: 293 creatures vanquished

Notes
Turn   | Place    | Note
-------+----------+-------------------------------------------
     0 | D:1      | Ignak the Ogre Hedge Wizard began the quest for the Orb.
     0 | D:1      | Reached XP level 1. HP: 16/16 MP: 5/5
     1 | D:1      | Noticed an electric eel
    58 | D:1      | Found Qokla's Jewellery Boutique.
    72 | D:1      | Reached skill level 1 in Conjurations
    72 | D:1      | Reached skill level 1 in Summonings
    72 | D:1      | Reached skill level 1 in Translocations
   184 | D:1      | Reached XP level 2. HP: 24/24 MP: 0/6
   187 | D:1      | Learned a level 2 spell: Blink
   190 | D:1      | Learned a level 2 spell: Call Imp
   563 | D:1      | Reached XP level 3. HP: 18/32 MP: 8/8
   565 | D:1      | Learned a level 1 spell: Beastly Appendage
   575 | D:1      | Learned a level 3 spell: Mephitic Cloud
  1277 | D:1      | Reached skill level 1 in Fighting
  1398 | D:1      | Reached XP level 4. HP: 34/41 MP: 4/9
  1573 | D:2      | Found a hide-covered altar of Uskayaw.
  2699 | D:2      | Reached XP level 5. HP: 48/48 MP: 2/11
  2860 | D:3      | Reached skill level 1 in Transmutations
  2941 | D:3      | Learned a level 2 spell: Wereblood
  3025 | D:3      | Found Codweus's Jewellery Shop.
  3153 | D:4      | Reached skill level 1 in Maces & Flails
  3281 | D:4      | Reached skill level 1 in Unarmed Combat
  3281 | D:4      | Reached skill level 1 in Air Magic
  3353 | D:4      | Reached skill level 1 in Poison Magic
  3368 | D:4      | Reached skill level 2 in Fighting
  3448 | D:4      | Reached XP level 6. HP: 57/57 MP: 10/12
  3789 | D:4      | Found a white marble altar of Elyvilon.
  3798 | D:4      | Became a worshipper of Elyvilon the Healer
  4024 | D:4      | Found a basalt altar of Yredelemnul.
  4188 | D:5      | Entered Level 5 of the Dungeon
  4782 | D:5      | Noticed a steam dragon
  4793 | D:5      | Reached XP level 7. HP: 66/66 MP: 5/13
  4807 | D:5      | Killed a steam dragon
  4808 | D:5      | Reached skill level 3 in Fighting
  5030 | D:5      | Reached * piety under Elyvilon
  5210 | D:6      | Noticed a steam dragon
  5349 | D:5      | Killed a steam dragon
  5350 | D:5      | Reached skill level 5 in Spellcasting
  5350 | D:5      | Reached XP level 8. HP: 40/76 MP: 4/15
  5475 | D:6      | Noticed Maggie
  5773 | D:5      | Reached skill level 4 in Fighting
  6008 | D:5      | Killed Maggie
  6266 | D:6      | Reached skill level 5 in Fighting
  6266 | D:6      | Reached XP level 9. HP: 36/88 MP: 12/17
  7299 | D:6      | Reached skill level 6 in Fighting
  7444 | D:7      | Reached skill level 5 in Dodging
  7532 | D:7      | Reached ** piety under Elyvilon
  7613 | D:7      | Reached skill level 7 in Fighting
  7752 | D:3      | Bought an amulet of regeneration for 420 gold pieces
  7886 | D:7      | Found a staircase to the Ecumenical Temple.
  7978 | D:7      | Reached XP level 10. HP: 102/102 MP: 19/21
  8168 | D:7      | Found a sacrificial altar of Ru.
  8253 | D:7      | Reached skill level 5 in Maces & Flails
  8295 | D:7      | Found a hazy altar of Hepliaklqana.
  8428 | D:8      | Noticed Pikel
  8436 | D:8      | Killed Pikel
  8480 | D:8      | Reached skill level 8 in Fighting
  8609 | D:8      | Reached *** piety under Elyvilon
  8778 | D:8      | Found a staircase to the Lair.
  8780 | D:8      | Noticed an elephant
  8820 | D:8      | Killed an elephant
  8993 | D:8      | Noticed a centaur warrior
  8999 | D:9      | Identified the +10 dagger of Revolt {spect, Str+3}
  9057 | D:8      | Killed a centaur warrior
  9338 | Temple   | Entered the Ecumenical Temple
  9753 | D:8      | Reached skill level 9 in Fighting
  9753 | D:8      | Reached XP level 11. HP: 86/115 MP: 18/23
 10009 | D:9      | Reached **** piety under Elyvilon
 10445 | D:10     | Entered Level 10 of the Dungeon
 10726 | D:10     | Found Isetosm's Armour Shop.
 10727 | D:10     | Found a staircase to the Orcish Mines.
 10730 | D:10     | Found Torig's Weapon Shop.
 10772 | D:10     | Noticed a sixfirhy
 10778 | D:10     | Reached skill level 1 in Armour
 10795 | D:10     | Found a corrupted altar of Lugonu.
 10917 | D:10     | Gained mutation: You passively dampen the noise of your
                  | surroundings. [potion of mutation]
 10924 | D:10     | Reached skill level 10 in Fighting
 10959 | D:10     | Found a shimmering altar of Xom.
 10959 | D:10     | Found a glowing silver altar of Zin.
 10959 | D:10     | Noticed an angel
 11149 | D:10     | Found a glowing golden altar of the Shining One.
 11205 | D:10     | Found a shadowy altar of Dithmenos.
 11228 | D:10     | Found an iron altar of Okawaru.
 11231 | D:10     | Found a snail-covered altar of Cheibriados.
 11401 | D:11     | Reached skill level 1 in Shields
 11461 | D:11     | Reached ***** piety under Elyvilon
 11484 | D:11     | Reached skill level 1 in Invocations
 11555 | D:11     | Noticed Fannar
 12273 | D:11     | Reached XP level 12. HP: 59/126 MP: 25/25
 12537 | D:11     | Killed Fannar
 12795 | D:10     | Fell from the grace of Elyvilon
 12795 | D:10     | Became a worshipper of Warmaster Okawaru
 12899 | Orc:1    | Entered Level 1 of the Orcish Mines
 12907 | D:10     | Learned a level 4 spell: Passage of Golubria
 12942 | Abyss:1  | Cast into level 1 of the Abyss (orc wizard)
 13017 | Abyss:1  | Noticed a hellephant
 13020 | Abyss:1  | Noticed a starcursed mass
 13021 | Abyss:1  | Killed from afar by a hellephant

Illustrated notes

Levels and vault maps discovered:
D:1:      arrival_aquarium_a, layout_basic, serial_shops,
          nicolae_shop_tiny_waterfront, kennysheep_nondescript,
          serial_bayou_crossing
D:2:      layout_rooms, serial_forest, infiniplex_forest_end_2,
          infiniplex_forest_corner_1, infiniplex_forest_clump_diagonal,
          infiniplex_forest_side_room, infiniplex_forest_lined_2,
          infiniplex_forest_lined_3, infiniplex_forest_end_2,
          infiniplex_forest_zigzag_1, infiniplex_forest_clump_large,
          basic_altar, serial_bayou_lagoon_b
D:3:      layout_basic, serial_shops, nicolae_lakefront_shop
D:4:      layout_loops_ring, kennysheep_ying_yang
D:5:      layout_basic
D:6:      layout_loops_ring, minmay_gold_behind_fungi, uniq_maggie
D:7:      layout_loops_ring, nicolae_ru_sacrificial_ziggurat,
          nzn_hepliaklqana_mist_gate, minmay_temple_entry_wispy, minmay_bent
D:8:      layout_loops_ring, david_lair_generic, nrook_campfire,
          minmay_misc_feat_ornament, uniq_pikel
D:9:      layout_basic
D:10:     kennysheep_kobold_lugonu_temple, layout_cave_pools,
          grunt_temple_overflow_order_and_chaos_1,
          mainiacjoe_overflow_six_doors_small, nicolae_overflow_hidden_temple,
          orc_david_3
D:11:     layout_basic, nrook_mini_vaults, uniq_fannar
Temple:   nicolae_temple_hex_pool
Orc:1:    lemuel_ogre_cave, layout_caves, nicolae_shop_self_help
Abyss:1:  base: D:8, gammafunk_corrupted_shrine, hangedman_elemental_corridor

Skill      XL: |  1  2  3  4  5  6  7  8  9 10 11 12 |
---------------+-------------------------------------+-----
Conjurations   | 1 2 3 |  3.0
Summonings     | 1 |  1.1
Translocations | 1 2 3 |  3.0
Dodging        | 2 3 4 5 6 7 |  7.6
Fighting       | 1 2 3 5 7 9 10 | 10.4
Spellcasting   | 4 5 7 8 9 |  9.6
Transmutations | 1 2 3 4 |  4.0
Maces & Flails | 1 2 3 4 7 8 |  8.7
Unarmed Combat | 1 |  1.0
Air Magic      | 1 2 |  2.0
Poison Magic   | 1 2 |  2.0
Armour         | 2 3 |  3.3
Shields        | 2 |  2.7
Invocations    | 1 2 |  2.6
Stealth        | |  1.5

Action                     |  1- 3 |  4- 6 |  7- 9 | 10-12 || total
---------------------------+-------+-------+-------+-------++-------
  Melee: Dagger            |     4 |       |       |       ||     4
         Club              |    47 |       |       |       ||    47
         Whip              |    11 |    74 |    85 |       ||   170
         Kick              |     1 |    26 |    49 |   109 ||   185
         Headbutt          |     1 |    14 |    32 |    58 ||   105
         Flail             |       |   192 |       |       ||   192
         Punch             |       |     4 |     6 |     6 ||    16
         Morningstar       |       |       |   139 |   459 ||   598
  Throw: Dart              |       |     1 |    14 |       ||    15
   Cast: Magic Dart        |    26 |     2 |       |       ||    28
         Call Imp          |     6 |    10 |       |       ||    16
         Blink             |     2 |     4 |     4 |    11 ||    21
         Beastly Appendage |     2 |    25 |    22 |    39 ||    88
         Mephitic Cloud    |       |     3 |    18 |    31 ||    52
         Wereblood         |       |     8 |    17 |    30 ||    55
         Passage of Golubr |       |       |       |     1 ||     1
  Evoke: Wand              |       |       |       |     3 ||     3
    Use: Scroll            |       |     5 |     2 |     8 ||    15
         Potion            |       |     1 |       |    11 ||    12
   Stab: Sleeping          |     2 |     1 |       |     1 ||     4
         Confused          |       |     1 |     9 |    10 ||    20
         Distracted        |       |       |     1 |       ||     1
 Armour: Robe              |    29 |   140 |    57 |       ||   226
         Steam dragon scal |       |       |    62 |   222 ||   284
  Dodge: Dodged            |    43 |   176 |   143 |   319 ||   681

Table legend: (Time is in decaauts)
 A = Elapsed time spent in this place.
 B = Non-inter-level travel time spent in this place.
 C = Inter-level travel time spent in this place.
 D = Time resting spent in this place.
 E = Time spent auto-exploring this place.
 F = Levels seen in this place.
 G = Mean time per level.
                   A        B        C        D        E       F      G
               +--------+--------+--------+--------+--------+-----+--------+
         Total |  13250 |  12621 |    629 |   2427 |   5674 |  14 |  946.4 |
       Dungeon |  13090 |  12462 |    628 |   2427 |   5674 |  11 | 1190.0 |
        Temple |     68 |     68 |      0 |      0 |      0 |   1 |   68.0 |
  Orcish Mines |     12 |     12 |      0 |      0 |      0 |   1 |   12.0 |
         Abyss |     79 |     79 |      0 |      0 |      0 |   1 |   79.0 |
               +--------+--------+--------+--------+--------+-----+--------+

Top non-repeatable levels by time:
     D:5: 1605 daAuts
     D:6: 1559 daAuts
     D:1: 1478 daAuts
     D:4: 1272 daAuts
    D:11: 1242 daAuts
     D:8: 1224 daAuts
     D:2: 1120 daAuts
     D:9: 1102 daAuts
    D:10: 987 daAuts
     D:7: 845 daAuts
     D:3: 651 daAuts
 Abyss:1: 79 daAuts
  Temple: 68 daAuts
   Orc:1: 12 daAuts
